 Dungeon Crawl Stone Soup version 0.29-a0-477-g62b78b4225 (webtiles) character file.

Game seed: 13171158094478467408

6930 Sobieck the Thaumaturge (level 11, -1/66 HPs)
             Began as a Vine Stalker Fighter on May 24, 2022.
             Was an Elder of Ashenzari.
             Slain by a large abomination (8 damage)
             ... on level 2 of the Abyss.
             The game lasted 00:23:19 (7156 turns).

Sobieck the Thaumaturge (Vine Stalker Fighter)      Turns: 7156, Time: 00:23:20

Health: -1/66      AC: 19    Str: 18    XL:     11   Next: 7%
Magic:  0/29       EV: 12    Int:  8    God:    Ashenzari [****..]
Gold:   299        SH:  6    Dex: 19    Spells: 36/36 levels left

rFire   . . .      SeeInvis +   a - +0 rapier {short}
rCold   . . .      Faith    .   c - +0 buckler "Eternal With Me" {Comp, Fort} (curse)
rNeg    . . .      Spirit   +   x - +0 scale mail of Ashenzari's Blue Moon {Range, Self} (curse)
rPois   +          Reflect  .   (no helmet)
rElec   .          Harm     .   g - +2 cloak "Share My Paranoia" {Self, Alch} (curse)
rCorr   .          Rampage  .   o - +1 pair of gloves of the Fated Disgust {Bglg, Self} (curse)
Will    +....      Clarity  +   F - +0 pair of boots "Regret of Ashenzari" {Melee, Self} (curse)
Stlth   ++........              (no amulet)
HPRegen 0.00/turn               t - ring of poison resistance
MPRegen 0.21/turn               u - ring "Revealing Dogma" {AC+4, Elem, Fort} (curse)

@: sick
A: fangs 3, regeneration 1, magic shield, antimagic bite, no potion heal 2
a: Renounce Religion, Curse Item, Shatter the Chains


You were on level 2 of the Abyss.
You worshipped Ashenzari.
Ashenzari was greatly pleased with you.
You visited 1 branch of the dungeon, and saw 9 of its levels.
You visited the Abyss 1 time.

You collected 299 gold pieces.


Innate Abilities, Weirdness & Mutations

You have razor-sharp teeth.
Your natural rate of healing is unusually fast.
When hurt, damage is shared between your health and your magic reserves.
Your bite disrupts and absorbs the magic of your enemies.
Potions cannot restore your health.


   Skills:
 - Level 7.5(12.2) Fighting
 - Level 6.5(8.5) Short Blades
 + Level 5.9(8.9) Armour
 - Level 5.0 Dodging
 - Level 6.0 Stealth
 - Level 2.6(5.0) Shields
 - Level 8.4(13.1) Spellcasting


You had 36 spell levels left.
You didn't know any spells.
Your spell library contained the following spells:

 Spells                   Type           Power      Damage    Failure   Level
 Sting                    Tmut/Pois      20%        1d4       34%         1
 Poisonous Vapours        Pois/Air       10%        N/A       47%         2
 Gell's Gravitas          Tloc           5%         N/A       71%         3
 Lesser Beckoning         Tloc           5%         N/A       71%         3
 Teleport Other           Tloc           5%         N/A       71%         3
 Tukima's Dance           Hex            5%         N/A       71%         3
 Olgreb's Toxic Radiance  Pois           5%         N/A       98%         4
 Passage of Golubria      Tloc           5%         N/A       98%         4
 Yara's Violent Unravell  Hex/Tmut       2%         3d3       100%        5

Inventory:

Hand Weapons
 a - a +0 rapier (weapon) {short}
 b - a +0 hunting sling {sling}
   (You found it on level 2 of the Dungeon)
 l - a +0 whip of flaming {mace}
   (You took it off a gnoll on level 3 of the Dungeon)
 G - a +1 vorpal mace {mace}
   (You took it off an orc on level 4 of the Dungeon)
 N - a +1 vampiric hand axe {axe}
   (You took it off an orc on level 5 of the Dungeon)
Missiles
 i - a throwing net (quivered) {=f!fthrowing}
 j - 13 poisoned darts {throwing}
 D - 8 boomerangs {throwing}
Armour
 c - the cursed +0 buckler "Eternal With Me" (worn) {Comp, Fort}

   It has a curse which improves the following skills: Companions: Summonings
   and Necromancy.
   Fortitude: Armour and Shields.
 g - the cursed +2 cloak "Share My Paranoia" (worn) {Self, Alch}
   (You found it on level 2 of the Dungeon)

   It has a curse which improves the following skills: Introspection: Fighting
   and Spellcasting.
   Alchemy:   Poison Magic and Transmutations.
 k - a +0 robe
   (You took it off an orc wizard on level 6 of the Dungeon)
 o - the cursed +1 pair of gloves of the Fated Disgust (worn) {Bglg, Self}
   (You found it on level 1 of the Dungeon)

   It has a curse which improves the following skills: Beguiling: Conjurations,
   Hexes and Translocations.
   Introspection: Fighting and Spellcasting.
 p - a +0 plate armour
   (You took it off an orc warrior on level 6 of the Dungeon)
 q - a +0 robe
   (You took it off an orc wizard on level 6 of the Dungeon)
 x - the cursed +0 scale mail of Ashenzari's Blue Moon (worn) {Range, Self}

   It has a curse which improves the following skills: Ranged Combat: Slings,
   Bows, Crossbows and Throwing.
   Introspection: Fighting and Spellcasting.
 y - a +0 leather armour
   (You found it on level 6 of the Dungeon)
 B - a +0 robe
   (You took it off an orc wizard on level 6 of the Dungeon)
 C - a +0 leather armour
   (You took it off an orc on level 6 of the Dungeon)
 E - a +0 leather armour
   (You took it off an orc on level 6 of the Dungeon)
 F - the cursed +0 pair of boots "Regret of Ashenzari" (worn) {Melee, Self}
   (You found it on level 4 of the Dungeon)

   It has a curse which improves the following skills: Melee Combat: Short
   Blades, Long Blades, Axes, Maces & Flails, Polearms, Staves and Unarmed
   Combat.
   Introspection: Fighting and Spellcasting.
 I - a +0 scale mail
   (You found it on level 6 of the Dungeon)
 K - a +0 ring mail
   (You found it on level 6 of the Dungeon)
 L - a +0 robe
   (You took it off a gnoll shaman on level 7 of the Dungeon)
 M - a +0 plate armour
   (You found it on level 7 of the Dungeon)
 O - a +0 robe
   (You found it on level 7 of the Dungeon)
 R - a +0 plate armour
   (You took it off an orc warrior on level 7 of the Dungeon)
 S - a +0 ring mail
   (You found it on level 7 of the Dungeon)
 T - a +0 ring mail
   (You took it off an orc on level 7 of the Dungeon)
 U - a +0 chain mail
   (You took it off an orc warrior on level 7 of the Dungeon)
 V - a +0 robe
   (You took it off an orc wizard on level 7 of the Dungeon)
 X - a +0 chain mail
   (You took it off an orc warrior on level 7 of the Dungeon)
 Y - a +0 robe
   (You found it on level 7 of the Dungeon)
 Z - a +0 ring mail
   (You found it on level 7 of the Dungeon)
Jewellery
 r - a +6 ring of intelligence
   (You found it on level 3 of the Dungeon)
 t - a ring of poison resistance (left hand)
   (You found it on level 2 of the Dungeon)
 u - the cursed ring "Revealing Dogma" (right hand) {AC+4, Elem, Fort}
   (You found it on level 3 of the Dungeon)

   [ring of protection]

   AC:        It affects your AC (+4).
   It has a curse which improves the following skills: Elements: Fire Magic, Ice
   Magic, Air Magic and Earth Magic.
   Fortitude: Armour and Shields.
 P - a ring of protection from cold
   (You found it on level 5 of the Dungeon)
Wands
 h - a wand of charming (20)
   (You found it on level 6 of the Dungeon)
 s - a wand of iceblast (10)
   (You found it on level 6 of the Dungeon)
 H - a wand of paralysis (17)
   (You found it on level 4 of the Dungeon)
Scrolls
 e - 2 scrolls of poison
 f - 3 scrolls of magic mapping {!r}
 J - 2 scrolls of vulnerability {!r!r}
 Q - 3 scrolls of immolation {!r!r}
 W - 2 scrolls of teleportation {@r4}
Potions
 d - a potion of might
 m - 3 potions of curing {@q1}
 n - 3 potions of flight
 v - 3 potions of resistance
 w - a potion of haste {@q3}
 z - a potion of mutation {!q}
 A - a potion of magic

Dungeon Overview and Level Annotations

Branches:
Dungeon (9/15)             Temple (0/1) D:5
   Lair: D:8-11         Orc: D:9-12

Altars:
Ashenzari
Cheibriados
Elyvilon
Fedhas
Nemelex Xobeh
Qazlal
Wu Jian
Xom
Zin
The Shining One

Shops:
D:1 * D:7

* * ≈ ≈≈ .,
..∩..,,. . , * ≈
≈ #≈..... .,., ,
.... ,# * ≈≈.....
. .. ,.. ,.. #
≈≈..... .,# * #*#
.. * ≈≈
≈≈.....#### .*
#.,*.# .≈≈.....#.
#,.#*#.*#.# * * ≈
≈
≈≈≈≈.....#.#*.##
###.. # * ≈
≈≈≈≈...#..##..#
##., ,
≈≈≈≈...@....#
#*,. #
≈≈.≈≈≈≈≈≈X≈#.## #
. , # *
≈≈≈≈≈≈.≈≈≈# #,#
#..#.
#≈≈≈≈≈≈≈≈≈#.#*...
, , ≈
≈≈≈≈≈≈≈≈≈≈##.#,#,
.. . ≈≈≈≈≈≈≈≈≈≈.#
,# *#* , .
≈≈≈≈≈≈≈≈≈≈.# .#,,
.# ,* ≈
≈≈≈≈≈≈≈≈.≈#. ..
#.#,.# * ≈
≈≈≈≈≈.≈ ≈# ≈≈≈ ≈
≈


You could see a large abomination.


Message History

The ancient zyme hits you but does no damage. x2
You hit the ancient zyme but do no damage.
Your bite misses the ancient zyme.
An ancient zyme comes into view.
You feel ill.
The ancient zyme hits you but does no damage. x2
You hit the ancient zyme. You bite the ancient zyme. You drain its power.
You feel invigorated.
The ancient zyme hits you but does no damage.
The ancient zyme hits you!
You barely miss the ancient zyme. You hit the ancient zyme.
Your bite misses the ancient zyme. The ancient zyme closely misses you.
The ancient zyme barely misses you.
You hit the ancient zyme.
The ancient zyme hits you but does no damage.
The ancient zyme barely misses you.
You puncture the ancient zyme! The ancient zyme hits you. x2
You hit the ancient zyme. Your bite misses the ancient zyme.
The ancient zyme hits you.
The ancient zyme hits you but does no damage.
You feel ill.
You puncture the ancient zyme!
You destroy the ancient zyme!
That felt strangely unrewarding.
A large abomination comes into view.
Unknown command.
The ancient zyme hits you but does no damage.
The ancient zyme hits you.
You hit the ancient zyme but do no damage.
You bite the ancient zyme. You drain its power.
You feel invigorated. You block the ancient zyme's attack.
The ancient zyme hits you!
Unknown command.
You hit the ancient zyme. You block the ancient zyme's attack.
The ancient zyme closely misses you.
You hit the ancient zyme but do no damage.
You bite the ancient zyme. You drain its power.
You feel invigorated.
The ancient zyme hits you but does no damage.
The ancient zyme closely misses you.
You puncture the ancient zyme! Your bite misses the ancient zyme.
The large abomination hits you but does no damage.
The ancient zyme barely misses you. x2
You hit the ancient zyme but do no damage.
You bite the ancient zyme, but do no damage.
You hit the ancient zyme. Your bite misses the ancient zyme.
The ancient zyme hits you but does no damage.
The ancient zyme misses you. The large abomination hits you!
You hit the ancient zyme but do no damage.
The ancient zyme hits you.
* * * LOW HITPOINT WARNING * * *
You block the ancient zyme's attack. The large abomination hits you!!
* * * LOW HITPOINT WARNING * * *
You hit the ancient zyme.
The ancient zyme hits you but does no damage. x2
You feel ill.
You block the large abomination's attack.
Unknown command.
You barely miss the ancient zyme.
The ancient zyme hits you but does no damage.
You block the ancient zyme's attack.
You hit the ancient zyme.
You bite the ancient zyme, but do no damage.
The large abomination barely misses you.
The ancient zyme hits you but does no damage.
You block the ancient zyme's attack.
You hit the ancient zyme. The large abomination hits you!
* * * LOW HITPOINT WARNING * * *
You hit the ancient zyme. You bite the ancient zyme.
You destroy the ancient zyme!
That felt strangely unrewarding.
Unknown command.
You barely miss the large abomination.
You block the large abomination's attack.
You hit the large abomination but do no damage.
You bite the large abomination. You drain its power.
You feel invigorated. The large abomination hits you.
* * * LOW HITPOINT WARNING * * *
You hit the large abomination but do no damage.
You bite the large abomination. You drain its power.
You feel invigorated.
You hit the large abomination. You bite the large abomination!
You drain its power.
You feel invigorated.
You block the large abomination's attack.
You hit the large abomination but do no damage.
You bite the large abomination. You drain its power.
You block the large abomination's attack.
You hit the large abomination but do no damage.
You bite the large abomination. You drain its power.
You hit the large abomination but do no damage.
The large abomination misses you.
You puncture the large abomination! Your bite misses the large abomination.
You hit the large abomination but do no damage.
You bite the large abomination. You drain its power.
The large abomination hits you!
* * * LOW HITPOINT WARNING * * *
You hit the large abomination.
The large abomination hits you but does no damage.
You hit the large abomination but do no damage.
You hit the large abomination.
You bite the large abomination, but do no damage.
The large abomination hits you!!
You die...

Skill      XL: |  1  2  3  4  5  6  7  8  9 10 |
---------------+-------------------------------+-----
Short Blades   | 2 3 4 5 6 |  6.5
Stealth        | 1 2 3 4 5 6 |  6.0
Fighting       | 3 4 6 7 |  7.5
Spellcasting   | 2 8 |  8.4
Armour         | 3 5 |  5.9
Dodging        | 3 5 |  5.0
Shields        | |  2.6

Action                   |  1- 3 |  4- 6 |  7- 9 | 10-12 || total
-------------------------+-------+-------+-------+-------++-------
Melee: Rapier            |   121 |   154 |   318 |   274 ||   867
       Bite              |    27 |    49 |   110 |   112 ||   298
 Fire: Hunting sling     |       |    11 |       |       ||    11
Invok: Curse Item        |       |     3 |     3 |       ||     6
  Use: Scroll            |       |     8 |     1 |       ||     9
       Potion            |       |       |     1 |       ||     1
 Stab: Sleeping          |       |       |     7 |     2 ||     9
Armor: Scale mail        |    62 |    60 |   133 |    87 ||   342
Dodge: Dodged            |    62 |    77 |   123 |   108 ||   370
Block: Buckler           |    28 |    33 |    58 |    55 ||   174

Levels and vault maps discovered:
D:1:      dpeg_arrival_ratfight, layout_loops_cross,
          hellmonk_ecumenical_altar_inner_sanctum, serial_shops,
          nicolae_shop_statue_plus, minmay_heptomino_o4
D:2:      layout_rooms, basic_altar
D:3:      layout_basic, lemuel_doored_altar
D:4:      layout_loops_ring, old_standard_altar, lemuel_coloured_pillars_altar,
          kennysheep_donut
D:5:      layout_loops_ring, xom_teletrap_fun, ashenzari_conservatory_becter,
          temple_green, uniq_prince_ribbit1
D:6:      layout_loops_corners, grunt_qazlal_clouds, tso_oasis_becter,
          kennysheep_pointless_box, grunt_ministairs_9, supply_closet_lemuel
D:7:      minmay_chambers_of_sevens, layout_rooms, zin_purify,
          kennysheep_generic_room_15
D:8:      layout_basic, elyvilon_altar_3,
          mainiacjoe_overflow_concentric_impassable, st_stairs_4, uniq_amaemon,
          uniq_erica, uniq_joseph
D:9:      cheibrodos_grave_circle, layout_irregular_city, enter_bailey_2,
          kennysheep_small_square
Abyss:2:  base:
Temple

Notes
Turn   | Place    | Note
-------+----------+-------------------------------------------
     0 | D:1      | Sobieck the Vine Stalker Fighter began the quest for the
                  | Orb.
     0 | D:1      | Reached XP level 1. HP: 11/11 MP: 2/2
    67 | D:1      | Found Tixaotaf's General Store.
    78 | D:1      | Reached skill level 2 in Short Blades
    78 | D:1      | Reached skill level 1 in Stealth
   209 | D:1      | Reached XP level 2. HP: 12/16 MP: 3/3
   522 | D:1      | Reached skill level 3 in Fighting
   736 | D:1      | Reached XP level 3. HP: 17/20 MP: 4/4
  1012 | D:1      | Reached skill level 2 in Stealth
  1103 | D:1      | Found a faded altar of an unknown god.
  1112 | D:1      | Prayed at the altar of an unknown god.
  1112 | D:1      | Became a worshipper of Ashenzari the Shackled
  1245 | D:2      | Gained mutation: Your natural rate of healing is unusually
                  | fast. [Vine Stalker growth]
  1245 | D:2      | Reached XP level 4. HP: 21/24 MP: 5/5
  1465 | D:2      | Reached skill level 3 in Stealth
  1471 | D:2      | Found a sparkling altar of Nemelex Xobeh.
  1850 | D:3      | Found an ornate altar of the Wu Jian Council.
  1856 | D:3      | Reached XP level 5. HP: 29/29 MP: 6/6
  1886 | D:3      | Reached skill level 3 in Short Blades
  2002 | D:3      | HP: 6/29 [gnoll/+0 flail (5)]
  2216 | D:3      | Reached * piety under Ashenzari
  2355 | D:3      | Reached skill level 4 in Fighting
  2355 | D:3      | Reached skill level 4 in Stealth
  2553 | D:4      | Found a blossoming altar of Fedhas.
  2558 | D:4      | Reached XP level 6. HP: 30/35 MP: 7/7
  2565 | D:4      | HP: 8/35 [orc priest/divine providence (10)]
  2694 | D:4      | Reached ** piety under Ashenzari
  2933 | D:4      | You add the spells Sting, Poisonous Vapours and Olgreb's
                  | Toxic Radiance to your library.
  3212 | D:4      | Found a sparkling altar of Nemelex Xobeh.
  3395 | D:5      | Entered Level 5 of the Dungeon
  3395 | D:5      | Noticed Prince Ribbit
  3416 | D:5      | Killed Prince Ribbit
  3417 | D:5      | Reached skill level 4 in Short Blades
  3417 | D:5      | Reached skill level 5 in Stealth
  3417 | D:5      | Reached XP level 7. HP: 28/39 MP: 6/8
  3465 | D:5      | Found a staircase to the Ecumenical Temple.
  3570 | D:5      | Found a broken altar of Ashenzari.
  3666 | D:5      | Found a shimmering altar of Xom.
  3874 | D:5      | Reached skill level 6 in Stealth
  4001 | D:5      | Reached skill level 5 in Short Blades
  4338 | D:6      | HP: 6/41 [orc warrior/+0 glaive (15)]
  4344 | D:6      | Gained mutation: You have razor-sharp teeth. [Vine Stalker
                  | growth]
  4344 | D:6      | Reached XP level 8. HP: 11/45 MP: 1/9
  4349 | D:6      | Reached skill level 6 in Short Blades
  4520 | D:6      | You add the spells Tukima's Dance, Passage of Golubria and
                  | Yara's Violent Unravelling to your library.
  4560 | D:6      | Reached skill level 1 in Spellcasting
  4648 | D:6      | Reached skill level 2 in Spellcasting
  4648 | D:6      | Reached *** piety under Ashenzari
  4737 | D:6      | Found a stormy altar of Qazlal.
  4769 | D:6      | Found a glowing golden altar of the Shining One.
  4902 | D:6      | Reached skill level 3 in Armour
  5154 | D:6      | Reached skill level 5 in Fighting
  5310 | D:7      | Reached skill level 6 in Fighting
  5410 | D:7      | Found Zin's Purification Station.
  5413 | D:7      | Found a glowing silver altar of Zin.
  5446 | D:7      | Reached XP level 9. HP: 33/54 MP: 16/16
  5502 | D:7      | Reached **** piety under Ashenzari
  5680 | D:7      | Reached skill level 4 in Armour
  5784 | D:7      | Reached skill level 5 in Armour
  5806 | D:7      | Noticed a troll
  5845 | D:7      | Reached skill level 7 in Fighting
  5856 | D:7      | Killed a troll
  5877 | D:7      | Identified the +1 flail of Ronan {freeze, Fly rF+}
  5888 | D:7      | Reached skill level 2 in Dodging
  5990 | D:7      | Reached skill level 3 in Dodging
  6027 | D:7      | Reached XP level 10. HP: 49/60 MP: 11/20
  6044 | D:7      | Reached skill level 4 in Dodging
  6175 | D:8      | Noticed Erica
  6200 | D:8      | Killed Erica
  6201 | D:8      | Reached skill level 5 in Dodging
  6201 | D:8      | Reached skill level 3 in Spellcasting
  6235 | D:8      | Noticed Joseph
  6268 | D:8      | Reached skill level 4 in Spellcasting
  6310 | D:8      | Reached skill level 5 in Spellcasting
  6333 | D:8      | Killed Joseph
  6334 | D:8      | Reached skill level 6 in Spellcasting
  6437 | D:8      | You pick up a book of Displacement and begin reading...
  6437 | D:8      | You add the spells Lesser Beckoning, Gell's Gravitas and
                  | Teleport Other to your library.
  6440 | D:8      | Found a white marble altar of Elyvilon.
  6608 | D:8      | Reached skill level 7 in Spellcasting
  6655 | D:8      | Noticed Amaemon
  6657 | D:8      | Found a snail-covered altar of Cheibriados.
  6678 | D:8      | Noticed an orange demon
  6690 | D:8      | Killed Amaemon
  6691 | D:8      | Reached skill level 8 in Spellcasting
  6696 | D:8      | Killed an orange demon
  6697 | D:8      | Reached XP level 11. HP: 27/66 MP: 27/29
  7042 | D:9      | Noticed a wizard
  7049 | D:9      | You are cast into the Abyss!
  7049 | D:9      | Cast into level 2 of the Abyss (a wizard)
  7049 | Abyss:2  | Found a corrupted altar of Lugonu.
  7143 | Abyss:2  | HP: 12/66 [large abomination (9)]
  7153 | Abyss:2  | HP: 7/66 [large abomination (4)]
  7156 | Abyss:2  | Slain by a large abomination

Vanquished Creatures
  Erica (D:8)
  Amaemon (D:8)
  Joseph (D:8)
  An orange demon (D:8)
  2 ancient zymes (Abyss:2)
  A troll (D:7)
  Prince Ribbit (D:5)
  A slime creature (D:7)
  6 yaks (D:8)
  A ynoxinul (Abyss:2)
  A steam dragon (D:8)
  A water moccasin (D:7)
  An acid dragon (D:7)
  6 orc warriors
  A sky beast (D:7)
  2 centaurs
  3 phantoms
  4 necrophages
  6 bullfrogs
  2 scorpions
  5 wights (D:7)
  6 killer bees (D:8)
  3 howler monkeys (D:8)
  3 jellies
  3 orc priests
  2 gnoll shamans (D:7)
  5 hounds
  3 iguanas
  10 orc wizards
  11 gnolls
  9 adders
  2 ufetubi
  3 dart slugs
  27 orcs
  2 ball pythons
  6 endoplasms
  4 giant cockroaches
  3 goblins
  7 hobgoblins
  13 jackals
  7 quokkas
  5 bats
  2 frilled lizards (D:2)
  8 kobolds
  12 rats
204 creatures vanquished.

Table legend:
 A = Non-vault XP
 B = Vault XP
 C = Vault XP percentage of total XP
 D = Non-vault monster count
 E = Vault monster count
 F = Vault count percentage of total count
                 A         B        C        D         E       F
            +---------+---------+-------+---------+---------+-------
      Total |    5292 |    4608 |  46.5 |     170 |      34 |  16.7
            +---------+---------+-------+---------+---------+-------
        D:1 |      38 |      10 |  20.8 |      22 |       8 |  26.7
        D:2 |     115 |       0 |   0.0 |      27 |       0 |   0.0
        D:3 |     146 |       0 |   0.0 |      23 |       0 |   0.0
        D:4 |     146 |       0 |   0.0 |      15 |       0 |   0.0
        D:5 |     413 |     251 |  37.8 |      12 |       1 |   7.7
        D:6 |     641 |      87 |  12.0 |      15 |       2 |  11.8
        D:7 |    1569 |    1629 |  50.9 |      29 |      16 |  35.6
        D:8 |    2179 |    2631 |  54.7 |      20 |       7 |  25.9
        D:9 |      45 |       0 |   0.0 |       3 |       0 |   0.0
    Abyss:2 |       0 |       0 |   N/A |       4 |       0 |   0.0
            +---------+---------+-------+---------+---------+-------

Illustrated notes

Table legend:
 A = Kills in this place as a percentage of kills in entire the game.
 B = Kills by you in this place as a percentage of kills by you in the entire game.
 C = Kills by friends in this place as a percentage of kills by friends in the entire game.
 D = Other kills in this place as a percentage of other kills in the entire game.
 E = Experience gained in this place as a percentage of experience gained in the entire game.
 F = Experience gained in this place divided by the number of levels of this place that you have seen.
                   A       B       C       D       E      F
               +-------+-------+-------+-------+-------+----------------------
         Total | 100.0 | 100.0 |   N/A |   N/A | 100.0 | 990.0
       Dungeon |  98.0 |  98.0 |   N/A |   N/A | 100.0 | 1100.0
         Abyss |   2.0 |   2.0 |   N/A |   N/A |   0.0 |   0.0
               +-------+-------+-------+-------+-------+----------------------

Table legend: (Time is in decaauts)
 A = Elapsed time spent in this place.
 B = Non-inter-level travel time spent in this place.
 C = Inter-level travel time spent in this place.
 D = Time resting spent in this place.
 E = Time spent auto-exploring this place.
 F = Levels seen in this place.
 G = Mean time per level.
                   A        B        C        D        E       F      G
               +--------+--------+--------+--------+--------+-----+--------+
         Total |   7109 |   6929 |    180 |     58 |   5120 |  10 |  710.9 |
       Dungeon |   7008 |   6828 |    180 |     58 |   5086 |   9 |  778.7 |
         Abyss |    100 |    100 |      0 |      0 |     34 |   1 |  100.0 |
               +--------+--------+--------+--------+--------+-----+--------+

Top non-repeatable levels by time:
     D:1: 1207 daAuts
     D:6: 1006 daAuts
     D:4: 887 daAuts
     D:5: 870 daAuts
     D:8: 852 daAuts
     D:7: 845 daAuts
     D:3: 679 daAuts
     D:2: 653 daAuts
 Abyss:2: 100 daAuts
     D:9: 7 daAuts
